 Dungeon Crawl Stone Soup version 0.31-a0-858-g469dc525a8 (webtiles) character file.

Game seed: 14436566549843781176

728 Querens the Shield-Bearer (level 8, -2/94 HPs)
             Began as a Formicid Fighter on Oct 9, 2023.
             Was a Follower of Okawaru.
             Engulfed by a steam dragon's steam (6 damage)
             ... on level 4 of the Dungeon.
             The game lasted 00:07:30 (2252 turns).

Querens the Shield-Bearer (Formicid Fighter)        Turns: 2252, Time: 00:07:31

Health: -2/94      AC: 24    Str: 23    XL:     8   Next: 3%
Magic:  8/8        EV:  2    Int:  8    God:    Okawaru [*.....]
Gold:   154        SH:  5    Dex: 13    Spells: 7/7 levels left

rFire   . . .        a - +0 war axe
rCold   . . .        c - +0 buckler
rNeg    . . .        s - melded +3 ring mail
rPois   +            (helmet unavailable)
rElec   .            (cloak currently unavailable)
rCorr   .            (gloves currently unavailable)
SInv    .            (boots currently unavailable)
Will    .....        (no amulet)
Stlth   +            (no ring)
HPRegen 0.35/turn    (no ring)
MPRegen 0.11/turn

%: no passive effects
@: tree-form
A: stationary, stasis, torment immunity, boosted hp, permanent stasis, dig
shafts and tunnels, (antennae 3), four strong arms
a: Renounce Religion, Heroism


You were on level 4 of the Dungeon.
You worshipped Okawaru.
Okawaru was aware of your devotion.
You were a tree.
You visited 2 branches of the dungeon, and saw 5 of its levels.

You collected 154 gold pieces.

Inventory:

Hand Weapons
 a - a +0 war axe (weapon)
Missiles
 h - 3 poisoned darts
Armour
 c - a +0 buckler (worn)
 p - a +0 chain mail
 s - a +3 ring mail (melded)
Jewellery
 n - a ring of flight
Scrolls
 e - 3 scrolls of noise {unknown}
 f - a scroll of identify {unknown}
 g - 2 scrolls of teleportation {unknown}
 i - a scroll of enchant weapon {unknown}
 j - a scroll of revelation {unknown}
 k - 2 scrolls of butterflies {unknown}
 l - 4 scrolls of immolation
 o - a scroll of vulnerability {unknown}
 q - a scroll of fog {unknown}
 r - a scroll of silence {unknown}
Potions
 b - a potion of lignification
 d - a potion of might


   Skills:
 + Level 5.5 Fighting
 + Level 4.5 Axes
 + Level 5.5 Armour
 + Level 6.7 Shields


You had 7 spell levels left.
You didn't know any spells.
Your spell library contained the following spells:

 Spells                   Type           Power      Damage    Failure   Level
 Necrotise                Necr           0%         1d4       45%         1
 Vampiric Draining        Necr           0%         2d6       83%         3
 Agony                    Necr           0%         N/A       100%        5


Dungeon Overview and Level Annotations

Branches:
Dungeon (4/15)             Temple (1/1) D:4

Altars:
Dithmenos
Gozag
Makhleb
Nemelex Xobeh
Okawaru
Qazlal
Ru
Uskayaw
Vehumet
Xom
Yredelemnul
Zin

Shops:
D:3 *   D:4 *


Innate Abilities, Weirdness & Mutations

You are a tree.
Your roots penetrate the ground, keeping you stationary.
You cannot be teleported.
You are immune to unholy pain and torment.
Your maximum health is greatly increased.
Your equipment is partially melded.
You cannot be hasted, slowed, berserked, paralysed or teleported.
You can dig through walls and to a lower floor.
((You have a pair of large antennae on your head. (SInv)))
Your four strong arms can wield two-handed weapons with a shield.


Message History

* * * LOW HITPOINT WARNING * * *
You block the ufetubus's attack.
The steam dragon bites you but does no damage.
The steam dragon claws you but does no damage.
The ufetubus hits you but does no damage. x2
You feel better.
The ufetubus hits you but does no damage. x2
The steam dragon breathes steam at you. The ball of steam hits you!
* * * LOW HITPOINT WARNING * * *
You hit the steam dragon.
The steam dragon is severely wounded.
You closely miss the ufetubus.
You are engulfed in a cloud of scalding steam.
* * * LOW HITPOINT WARNING * * *
The ufetubus barely misses you.
The ufetubus hits you but does no damage.
The steam dragon bites you but does no damage.
The steam dragon claws you.
* * * LOW HITPOINT WARNING * * *
The ufetubus hits you but does no damage.
The ufetubus barely misses you.
Unknown command.
You hit the steam dragon.
The steam dragon is severely wounded.
You slash the ufetubus!
You kill the ufetubus!
Okawaru accepts your kill. You block the steam dragon's attack.
The steam dragon claws you but does no damage.
An endoplasm comes into view.
The steam dragon breathes steam at you. The ball of steam hits you!
* * * LOW HITPOINT WARNING * * *
You hear an angry hiss.
Unknown command.
You hit the steam dragon.
The steam dragon is almost dead.
You are engulfed in a cloud of scalding steam.
You die...

..## # ..... .## ###
.....###..#
....<..#..##
.....#...### ...
........... .
...######.....J. .
....#.##.)..# .
.......§§D§# ..#.
#.....§♣.## ####
..#.###.§.§§§§§.###..#
.........§§§§...##...#
.........§∩..........#
#..........§...#.....#
..##....§...#.####..)#
(.............###...##
..##..#.##.#...##.###
## ##..........##..#
##.##


You could see a steam dragon and an endoplasm.

Vanquished Creatures
  Grinder (D:4)
  Sigmund (D:4)
  Eustachio (D:4)
  Jessica (D:2)
  Terence (D:3)
  2 gnolls (D:1)
  4 adders
  2 ufetubi
  3 worms
  3 dart slugs
  3 orcs
  6 endoplasms
  4 giant cockroaches
  7 hobgoblins
  11 jackals
  4 kobolds
  3 quokkas
  6 ball pythons
  7 bats
  5 frilled lizards
  6 goblins
  8 rats
89 creatures vanquished.

Notes
Turn   | Place    | Note
-------+----------+-------------------------------------------
     0 | D:1      | Querens the Formicid Fighter began the quest for the Orb.
     0 | D:1      | Reached XP level 1. HP: 18/18 MP: 1/1
    88 | D:1      | Reached XP level 2. HP: 18/24 MP: 2/2
   141 | D:1      | Reached XP level 3. HP: 6/29 MP: 3/3
   636 | D:2      | Reached XP level 4. HP: 27/37 MP: 4/4
   754 | D:2      | Noticed Jessica
   780 | D:2      | Killed Jessica
   783 | D:2      | Found a faded altar of an unknown god.
   807 | D:2      | Reached XP level 5. HP: 27/42 MP: 5/5
  1042 | D:2      | Reached skill level 5 in Shields
  1217 | D:3      | Found Zin's Purification Station.
  1224 | D:3      | Found a glowing silver altar of Zin.
  1225 | D:3      | Noticed Terence
  1241 | D:3      | Killed Terence
  1740 | D:4      | Noticed Eustachio
  1763 | D:4      | Found a staircase to the Ecumenical Temple.
  1782 | D:4      | HP: 2/43 [Eustachio/+0 falchion (3)]
  1783 | D:4      | Killed Eustachio
  1784 | D:4      | Reached XP level 6. HP: 3/49 MP: 6/6
  1820 | Temple   | Entered the Ecumenical Temple
  1829 | Temple   | Became a worshipper of Warmaster Okawaru
  2058 | D:4      | Noticed Sigmund
  2082 | D:4      | Killed Sigmund
  2083 | D:4      | Reached skill level 5 in Fighting
  2083 | D:4      | Reached skill level 5 in Armour
  2083 | D:4      | Reached skill level 6 in Shields
  2083 | D:4      | Reached XP level 7. HP: 36/56 MP: 7/7
  2110 | D:4      | Found an opulent altar of Gozag.
  2110 | D:4      | Noticed Grinder
  2123 | D:4      | Killed Grinder
  2123 | D:4      | Reached * piety under Okawaru
  2124 | D:4      | Reached XP level 8. HP: 27/63 MP: 8/8
  2200 | D:4      | Found Zidd's Elemental Accessories.
  2251 | D:4      | HP: 4/94 [steam dragon/ball of steam (9)]
  2252 | D:4      | Engulfed by a steam dragon's steam

Illustrated notes

Levels and vault maps discovered:
D:1:      ldierk_walled_garden, layout_loops_ring
D:2:      layout_loops_ring, hellmonk_ecumenical_altar_blasted, uniq_jessica
D:3:      layout_basic, zin_purify, uniq_terence
D:4:      layout_cave_pools, mainiacjoe_overflow_24_doors,
          nicolae_gozag_seed_capital, minmay_temple_entry_drinking_statues,
          nicolae_elemental_shop, grunt_ministairs_11, minmay_fountain_box,
          minmay_manual_mandibuliform, uniq_duvessa, uniq_eustachio,
          uniq_sigmund, uniq_grinder
Temple:   nicolae_temple_ecumenical_triangle

Skill      XL: |  1  2  3  4  5  6 |
---------------+-------------------+-----
Fighting       | 4 5 |  5.5
Armour         | 4 5 |  5.5
Shields        | 5 6 |  6.7
Axes           | 3 4 |  4.5

Action                     |  1- 3 |  4- 6 |  7- 9 || total
---------------------------+-------+-------+-------++-------
  Melee: War axe           |    62 |   224 |    19 ||   305
    Use: Potion            |       |     2 |     3 ||     5
 Armour: Scale mail        |    48 |    68 |       ||   116
         Chain mail        |       |   134 |     6 ||   140
         Ring mail         |       |       |    20 ||    20
         Skin              |       |       |    20 ||    20
  Dodge: Dodged            |    44 |   120 |    13 ||   177
  Block: Buckler           |    27 |    82 |     8 ||   117

Table legend: (Time is in decaauts)
 A = Elapsed time spent in this place.
 B = Non-inter-level travel time spent in this place.
 C = Inter-level travel time spent in this place.
 D = Time resting spent in this place.
 E = Time spent auto-exploring this place.
 F = Levels seen in this place.
 G = Mean time per level.
                   A        B        C        D        E       F      G
               +--------+--------+--------+--------+--------+-----+--------+
         Total |   2365 |   2262 |    103 |      0 |      0 |   5 |  473.0 |
       Dungeon |   2346 |   2243 |    103 |      0 |      0 |   4 |  586.5 |
        Temple |     18 |     18 |      0 |      0 |      0 |   1 |   18.0 |
               +--------+--------+--------+--------+--------+-----+--------+

Top non-repeatable levels by time:
     D:3: 625 daAuts
     D:1: 611 daAuts
     D:2: 555 daAuts
     D:4: 554 daAuts
  Temple: 18 daAuts
